 Dungeon Crawl Stone Soup version 0.18-a0-1347-gb9e2fb4 (webtiles) character file.

42 KaeM the Digger (level 3, 0/19 HPs)
             Began as a Gargoyle Earth Elementalist on Feb 17, 2016.
             Slain by Natasha (6 damage)
             ... on level 2 of the Dungeon.
             The game lasted 00:04:28 (2726 turns).

KaeM the Digger (Gargoyle Earth Elementalist)       Turns: 2726, Time: 00:04:29

Health: 0/19       AC:  6    Str: 11    XL:     3   Next: 54%
Magic:  0/7        EV: 12    Int: 16    God:
Gold:   87         SH:  0    Dex: 10    Spells: 2 memorised, 4 levels left

rFire  . . .     SeeInvis .     f - +0 dagger
rCold  . . .     Gourm    .     a - +1 robe
rNeg   + . .     Faith    .     (no shield)
rPois  ∞         Spirit   .     (no helmet)
rElec  +         Dismiss  .     (no cloak)
rCorr  .         Reflect  .     (no gloves)
SustAt .         Harm     .     (no boots)
MR     .....                    (no amulet)
Stlth  ++........               (no ring)
                                e - ring of wizardry

@: not resistant to hostile enchantments, unstealthy
A: negative energy resistance 1, electricity resistance, unbreathing,
petrification resistance, rot immunity, AC +3
a: no special abilities


You were on level 2 of the Dungeon.
You were not hungry.

You visited 1 branch of the dungeon, and saw 2 of its levels.

You collected 87 gold pieces.

Inventory:

Hand Weapons
 f - a +0 dagger (weapon)
 h - a +0 club
Missiles
 b - 33 stones (quivered)
Armour
 a - a +1 robe (worn)
Jewellery
 e - a ring of wizardry (left hand)
Scrolls
 j - a scroll of remove curse
 l - a scroll of immolation {unknown}
Potions
 i - a potion of berserk rage {unknown}
 k - a potion of might {unknown}
Books
 c - a book of Geomancy

   Spells                             Type                      Level
   a - Sandblast                      Earth                        1
   b - Passwall                       Transmutation/Earth          2
   c - Stone Arrow                    Conjuration/Earth            3
   d - Petrify                        Transmutation/Earth          4
   e - Lee's Rapid Deconstruction     Earth                        5
Comestibles
 d - a bread ration
 g - a beef jerky
 m - a slice of pizza
 n - 4 chunks of flesh


   Skills:
 - Level 1.5 Dodging
 - Level 2.1 Stealth
 * Level 3.0 Spellcasting
   Level 0.7 Transmutations
 + Level 4.3 Earth Magic


You had 4 spell levels left.
You knew the following spells:

 Your Spells              Type           Power        Failure   Level  Hunger
a - Sandblast             Erth           ###...       1%          1    #......
b - Stone Arrow           Conj/Erth      #.....       12%         3    ###....


Dungeon Overview and Level Annotations

Branches:
Dungeon (2/15)

Altars:

Annotations:
D:2 Natasha


Innate Abilities, Weirdness & Mutations

You are resistant to torment.
Your stone body is resilient (AC +3).
You are immune to poison.
You resist negative energy.
You are resistant to electric shocks.
You can survive without breathing.
You are immune to petrification.
You are immune to rotting.


Message History

Aiming: Sandblast
Press: ? - help, Shift-Dir - straight line, f/p - white imp
Aim: a white imp (heavily wounded, summoned)
The rocky blast hits the white imp.
You kill the white imp!
Casting: Sandblast
Confirm with . or Enter, or press ? or * to list all spells.
Aiming: Sandblast
Press: ? - help, Shift-Dir - straight line, f - Natasha
Aim: Natasha The rocky blast hits Natasha.
Natasha is severely wounded.
Natasha barely misses you.
Wield which item (- for none, * to show all)? (? for menu, Esc to quit)
f - a +0 dagger (weapon)
Natasha casts a spell.
You closely miss Natasha.
Natasha is severely wounded.
Natasha claws you.
You die...

...## ....# #.. ....# #.#
....# #.# #+## ....# #.#
#...## ....# #.#### #.....#
...<# #.##.## ##.......
....######.#...####5...(...
................@h5........
.##.######.#...####........
###.#### #.##.## ##.......
.......# #.#### #.....#
###.##.# #.# ...... ###)# #
#.# #+##. ..).# #.# #####
#.# ######.#


You could see Natasha and 2 crimson imps.

Vanquished Creatures
  7 bats (D:1)
  11 goblins
  9 hobgoblins
  2 kobolds (D:1)
  2 ball pythons
  2 giant newts (D:1)
  3 rats
36 creatures vanquished.

Notes
Turn   | Place    | Note
--------------------------------------------------------------
     0 | D:1      | KaeM the Gargoyle Earth Elementalist began the quest for the Orb.
     0 | D:1      | Reached XP level 1. HP: 10/10 MP: 3/3
   353 | D:1      | Reached skill level 4 in Earth Magic
   354 | D:1      | Reached XP level 2. HP: 1/15 MP: 3/5
  1656 | D:1      | Reached XP level 3. HP: 10/19 MP: 7/7
  1898 | D:1      | Learned a level 3 spell: Stone Arrow
  2708 | D:2      | Noticed Natasha
  2726 | D:2      | Slain by Natasha

Vault maps used:
D:1:      sevenhm_arrival_forest_fort_large_2, st_stairs_9
D:2:      st_stairs_11, uniq_natasha

Action                   || total
-------------------------++-------
Melee: Dagger            ||    58
       Club              ||   117
 Cast: Sandblast         ||    13
  Use: Scroll            ||     5
 Stab: Sleeping          ||     1
  Eat: Chunk             ||     6
